 Dungeon Crawl Stone Soup version 0.31-a0-636-ge1c0e020e0 (webtiles) character file.

Game seed: 10792501916309689377

279714 RepHenryClay the Tortoise (level 20, -7/209 HPs)
             Began as a Troll Shapeshifter on Aug 26, 2023.
             Was the Champion of Cheibriados.
             Mangled by Jory
             ... wielding a +0 glaive of protection
              (66 damage)
             ... on level 2 of the Vaults.
             The game lasted 01:51:07 (36432 turns).

RepHenryClay the Tortoise (Troll Shapeshifter)     Turns: 36432, Time: 01:51:08

Health: -7/209     AC: 19    Str: 42    XL:     20   Next: 4%
Magic:  0/26       EV: 30    Int: 27    God:    Cheibriados [******]
Gold:   1120       SH:  0    Dex: 30    Spells: 15/19 levels left

rFire   . .          .
                       - Unarmed
rCold   . . .        (no shield)
rNeg    . . .        u - +0 swamp dragon scales
rPois   +            S - +2 hat of the Bear Spirit {Spirit, Bear, *Rage Will++}
rElec   .            V - +2 cloak {rPois}
rCorr   .            (gloves unavailable)
SInv    .            (boots unavailable)
Will    +++..        j - amulet of the acrobat
Stlth   ++           O - +4 ring of slaying
HPRegen 1.34/turn    i - ring of Ficvitax {EV+5 Int+6}
MPRegen 0.20/turn

%: random rage (20%), acrobat, guardian spirit
@: about to teleport, on berserk cooldown, mesmerised, slowed, very slow
A: large, unfitting armour, claws 3, regeneration 1, shaggy fur 1, tough skin 1
}: 1/15 runes: gossamer
a: Renounce Religion, Bend Time, Temporal Distortion, Slouch, Step From Time


You were on level 2 of the Vaults.
You worshipped Cheibriados.
Cheibriados was exalted by your worship.
You visited 8 branches of the dungeon, and saw 37 of its levels.
You also visited: Sewer, Bailey, Ice Cave and Wizlab.

You collected 3615 gold pieces.
You spent 2495 gold pieces at shops.

Inventory:

Missiles
 f - 2 throwing nets
 m - 5 silver javelins
 p - 13 javelins
 s - 19 large rocks
 Q - 44 poisoned darts (quivered)
 T - 2 darts of dispersal
Armour
 u - +0 swamp dragon scales (worn)
 y - a +2 robe of willpower
 I - a +1 cloak of preservation
 L - the +0 hat of the Meadowlark {rElec}
   (You acquired it on level 2 of the Swamp)

   rElec:     It insulates you from electricity.
 S - the +2 hat of the Bear Spirit (worn) {Spirit, Bear, *Rage Will++}
   (You bought it in a shop on level 2 of the Orcish Mines)

   Bear:      Going berserk makes the wearer exceptionally tough, and they are
   slowed for a shorter time afterward.
   Will++:    It greatly increases your willpower.
   *Rage:     It berserks you when you make melee attacks (+20% chance).
 V - a +2 cloak of poison resistance (worn)
Jewellery
 a - a ring of positive energy
 i - the ring of Ficvitax (right claw) {EV+5 Int+6}
   (You acquired it in a bailey)

   [ring of evasion]

   EV+5:      It affects your evasion (+5).
   Int+6:     It affects your intelligence (+6).
 j - an amulet of the acrobat (around neck)
 k - a ring of protection from cold
 t - a ring of flight
 z - a ring of protection from fire
 E - a ring of resist corrosion
 O - a +4 ring of slaying (left claw)
 R - a +5 ring of evasion
Talismans
 c - a beast talisman
 d - a flux talisman
 w - a serpent talisman
Wands
 b - a wand of light (2)
 r - a wand of paralysis (41)
 A - a wand of digging (5)
 F - a wand of mindburst (2)
 M - a wand of flame (46)
 Y - a wand of roots (40)
Scrolls
 g - 3 scrolls of teleportation
 o - a scroll of fear
 v - 10 scrolls of fog
 B - a scroll of blinking
 C - 4 scrolls of enchant weapon
 K - 11 scrolls of enchant armour
 P - a scroll of brand weapon
 U - a scroll of immolation
 X - 13 scrolls of identify {@r1}
 Z - a scroll of revelation
Potions
 e - 8 potions of curing
 h - 5 potions of brilliance
 l - a potion of magic
 n - 5 potions of mutation
 q - 8 potions of ambrosia
 x - 8 potions of attraction
 D - 3 potions of invisibility
 G - 2 potions of heal wounds
 H - 7 potions of might
 J - 3 potions of resistance
 N - a potion of lignification
 W - 3 potions of enlightenment


   Skills:
 - Level 14.9 Fighting
 - Level 5.6 Throwing
 + Level 16.1 Armour
 - Level 16.0 Dodging
 - Level 13.0 Unarmed Combat
 - Level 5.0 Translocations
 - Level 10.0 Invocations
 - Level 5.0 Evocations
 - Level 10.5 Shapeshifting


You had 15 spell levels left.
You knew the following spells:

 Your Spells              Type           Power      Damage    Failure   Level
b - Lesser Beckoning      Tloc           54%        N/A       2%          2
Q - Blink                 Tloc           54%        N/A       2%          2

Your spell library contained the following spells:

 Spells                   Type           Power      Damage    Failure   Level
 Apportation              Tloc           54%        N/A       1%          1
 Gell's Gravitas          Tloc           27%        N/A       5%          3
 Teleport Other           Tloc           27%        N/A       5%          3
 Momentum Strike          Conj/Tloc      26%        3d8       8%          2
 Slow                     Hex            0%         N/A       14%         1
 Vhi's Electric Charge    Tloc/Air       26%        N/A       16%         3
 Passage of Golubria      Tloc           27%        N/A       19%         4
 Ensorcelled Hibernation  Hex/Ice        0%         N/A       22%         2
 Passwall                 Tmut/Erth      0%         N/A       22%         2
 Poisonous Vapours        Pois/Air       0%         N/A       22%         2
 Static Discharge         Conj/Air       0%         2-2/arc   22%         2
 Sublimation of Blood     Necr           0%         N/A       22%         2
 Wereblood                Tmut           0%         N/A       22%         2
 Confusing Touch          Hex            0%         N/A       38%         3
 Hailstorm                Conj/Ice       0%         3d3       38%         3
 Inner Flame              Hex/Fire       0%         N/A       38%         3
 Mephitic Cloud           Conj/Pois/Air  0%         N/A       38%         3
 Stone Arrow              Conj/Erth      0%         3d7       38%         3
 Swiftness                Air            0%         N/A       38%         3
 Vampiric Draining        Necr           0%         2d6       38%         3
 Airstrike                Air            0%         2d(0-16)  80%         4
 Animate Armour           Summ/Erth      0%         N/A       80%         4
 Animate Dead             Necr           0%         N/A       80%         4
 Leda's Liquefaction      Hex/Erth       0%         N/A       80%         4
 Summon Ice Beast         Ice/Summ       0%         N/A       80%         4
 Summon Lightning Spire   Summ/Air       0%         N/A       80%         4
 Summon Forest            Summ/Tloc      6%         N/A       80%         5
 Dispersal                Tloc           13%        N/A       95%         6
 Arcjolt                  Conj/Air       0%         1d10      98%         5
 Fireball                 Conj/Fire      0%         3d3       98%         5
 Freezing Cloud           Conj/Ice/Air   0%         6-21      98%         5
 Irradiate                Conj/Tmut      0%         3d11      98%         5
 Iskenderun's Battlesphe  Conj           0%         2d6       98%         5
 Lee's Rapid Deconstruct  Erth           0%         3d4*      98%         5
 Silence                  Hex/Air        0%         N/A       98%         5
 Yara's Violent Unravell  Hex/Tmut       0%         3d3       98%         5
 Conjure Ball Lightning   Conj/Air       0%         3x3d6     100%        6
 Leda's Unmaking          Conj/Erth      0%         9d1       100%        6
 Plasma Beam              Fire/Air       0%         2x1d10    100%        6
 Simulacrum               Ice/Necr       0%         N/A       100%        6
 Enfeeble                 Hex            0%         N/A       100%        7
 Haunt                    Necr/Summ      0%         N/A       100%        7
 Malign Gateway           Summ/Tloc      6%         N/A       100%        7
 Orb of Destruction       Conj           0%         9d5       100%        7
 Summon Hydra             Summ           0%         N/A       100%        7
 Borgnjor's Revivificati  Necr           0%         N/A       100%        8
 Infestation              Necr           0%         N/A       100%        8
 Lehudib's Crystal Spear  Conj/Erth      0%         10d2      100%        8
 Chain Lightning          Conj/Air       0%         N/A       100%        9
 Fire Storm               Conj/Fire      0%         5d1       100%        9
 Shatter                  Erth           0%         3d5*      100%        9


Dungeon Overview and Level Annotations

Branches:
Dungeon (15/15)            Temple (0/1) D:5            Lair (5/5) D:8
  Swamp (4/4) Lair:2       Spider (4/4) Lair:3        Slime (0/5) Lair:4
    Orc (2/2) D:11            Elf (3/3) Orc:2        Vaults (3/5) D:14
 Depths (1/4) D:15          Sewer (visited)          Bailey (visited)
  IceCv (visited)          WizLab (visited)
  Crypt: Vaults:2-3

Altars:
Cheibriados
Elyvilon
Fedhas
Gozag
Hepliaklqana
Kikubaaqudgha
Okawaru
Qazlal
Sif Muna
Trog
Uskayaw
Vehumet
Xom
Yredelemnul
The Shining One

Shops:
D:1 [   D:4 ?   D:7 *   D:11 :   D:15 (   Orc:2 [!!?*   Vaults:1 *[

Portals:
Trove: Vaults:1 (give +3 storm dragon scales)

Annotations:
D:7 manual
D:14 Roxanne
Elf:2 3 runed translucent doors
Vaults:2 Jory


Innate Abilities, Weirdness & Mutations

You are too large for most types of armour.
You have claws for hands.
Your natural rate of healing is unusually fast.
You are covered in fur. (AC +1)
You have tough skin. (AC +1)


Message History

Cheibriados appreciates the change of pace.
Jory misses you.
Press: ? - help, v - describe, . - travel
Here: Jory, wielding a +0 glaive of protection and wearing a +0 chain mail (strong)
The floor.
Unknown command.
Casting: Lesser Beckoning (safe; 2% risk of failure)
Confirm with . or Enter, or press ? or * to list all spells.
Aiming: Lesser Beckoning (safe; 2% risk of failure)
Press: ? - help, Shift-Dir - straight line, f - Jory
Aim: Jory, wielding a +0 glaive of protection and wearing a +0 chain mail (strong, 100% to hit)
Jory hurls suddenly forward!
Jory mumbles some strange words.
Jory attempts to bespell you!
You are mesmerised by Jory!
You claw Jory!
Jory is lightly damaged.
Jory completely misses you. Jory bites you but does no damage.
Jory hits you with a +0 glaive of protection!!!
* * * LOW HITPOINT WARNING * * *
Jory misses you.
Huge Dmg: -19%(-38hp) hp: 26%(54hp)
As you read the scroll of teleportation, it crumbles to dust.
You feel strangely unstable. Jory completely misses you. x2
Okay, then.
Press: ? - help, v - describe, . - travel, g - get item
Here: Jory, wielding a +0 glaive of protection and wearing a +0 chain mail (lightly damaged, mesmerising, strong)
Items here: a +0 arbalest; a +0 great mace.
The floor, spattered with blood.
Okay, then.
You miss Jory.
Jory is lightly damaged.
Jory hits you with a +0 glaive of protection!!
* * * LOW HITPOINT WARNING * * *
Jory closely misses you.
Huge Dmg: -11%(-23hp) hp: 16%(33hp)
You feel much better.
Jory hits you with a +0 glaive of protection!!!
You die...
Jory screams, "Yes, yes!"

#.....#......'.##.##.#
#.....#......#.##.##.# ..
#.....'......#.).....#...
#.....################...
#........................
#........................
.....?....[..............
..................V......
.................@)).....
.[................[......
#####'################...
#......# . #......#
#......# #......#
#......# #......#


You could see Jory (mesmerising, strong).

Vanquished Creatures
  Mara (Vaults:2)
  Nikola (Elf:1)
  An Ice Fiend (IceCv)
  Mlioglotl (Spider:4)
  3 deep elf master archers (WizLab)
  A sphinx (Vaults:2)
  4 thorn hunters
  Kirke (Lair:2)
  Donald (Swamp:1)
  Agnes (D:15)
  3 fenstrider witches (WizLab)
  2 emperor scorpions (Spider:3)
  3 vault wardens
  3 ghost moths
  2 orc warlords
  12 ironbound preservers
  An ironbound thunderhulk (Vaults:1)
  9 broodmothers
  2 very ugly things
  A war gargoyle (Vaults:2)
  A vampire knight (Vaults:2)
  A formless jellyfish (Vaults:2)
  Nessos (D:15)
  5 eleionomae
  4 spark wasps
  Snorg (Lair:3)
  2 bunyips
  8 dire elephants (Vaults:1)
  A crystal guardian (Vaults:2)
  Josephine (Lair:3)
  A fire dragon (Lair:5)
  3 great orbs of eyes
  A deep elf high priest (Elf:1)
  3 entropy weavers
  2 shambling mangroves (WizLab)
  8 hydras
  Harold (Lair:1)
  A yaktaur captain (Vaults:1)
  2 jorogumos
  7 vault guards
  A peacekeeper (Vaults:2)
  2 radroaches
  3 ironbound frosthearts (Vaults:1)
  2 spriggan air magi
  A satyr (WizLab)
  2 catoblepae
  10 centaur warriors
  4 two-headed ogres
  4 alligators
  6 boulder beetles
  A tengu warrior (D:15)
  8 demonic crawlers
  A deep troll shaman (Depths:1)
  11 dancing weapons
  9 death yaks
  4 naga sharpshooters (WizLab)
  3 spriggans
  3 orc high priests (Orc:2)
  Sonja (Lair:1)
  Urug (D:11)
  5 deep elf knights
  6 skeletal warriors
  An iron troll (D:15)
  6 goliath frogs
  A skyshark (Lair:4)
  3 pharaoh ants
  2 sun moths (Spider:2)
  A death drake (Swamp:1)
  8 swamp dragons
  8 bog bodies
  12 orb spiders
  3 spriggan druids
  5 steelbarb worms
  25 deep trolls
  8 spriggan simulacra (IceCv)
  A harpy (Vaults:1)
  4 orc knights (Orc:2)
  9 deep elf archers
  3 ironbound convokers
  5 wizards
  16 lindwurms
  18 deep elf pyromancers
  2 necromancers
  24 wolf spiders
  3 manticores
  23 ugly things
  4 orc sorcerers
  4 cyclopes
  12 deep elf zephyrmancers
  3 fauns (WizLab)
  Joseph (D:7)
  An oklob plant (WizLab)
  A will-o-the-wisp (Swamp:1)
  3 moths of wrath
  11 elephants
  4 vault sentinels
  7 black mambas
  22 slime creatures
  2 gargoyles
  2 centaur skeletons (D:15)
  6 freezing wraiths
  An unseen horror (D:12)
  5 rime drakes
  18 cane toads
  2 kobold demonologists
  6 torpor snails
  15 yaktaurs
  9 komodo dragons
  A human skeleton (Vaults:1)
  13 ice devils (IceCv)
  A yaktaur skeleton (Vaults:1)
  A tengu conjurer (D:15)
  8 meliai
  3 golden dragon simulacra (IceCv)
  13 polar bears
  5 trolls
  3 tyrant leeches
  8 hornets
  26 tarantellas
  4 alligator simulacra (IceCv)
  31 blink frogs
  25 jumping spiders
  2 centaur simulacra (D:15)
  4 shadows
  3 water elementals (Elf:2)
  6 wraiths
  42 yaks
  5 wyverns
  3 vampires (Vaults:2)
  3 basilisks
  20 culicivoras
  3 fire elementals
  4 hogs (Lair:2)
  7 vampire mosquitoes
  45 redbacks
  5 minotaur simulacra (IceCv)
  3 steam dragons
  19 swamp worms
  9 wargs
  3 acid dragons
  A harpy simulacrum (IceCv)
  15 hell hounds (Lair:5)
  18 water moccasins
  3 swamp drakes
  Duvessa (D:5)
  An ice beast (D:5)
  3 sky beasts
  Pargi (Sewer)
  26 orc warriors
  14 black bears
  An ettin simulacrum (IceCv)
  21 wolves
  A boggart (Vaults:1)
  2 ogres
  13 centaurs
  A phantom (D:11)
  2 kobold brigands
  10 bullfrogs
  3 gnoll sergeants
  11 deep troll simulacra (IceCv)
  4 necrophages (D:5)
  2 scorpions (D:6)
  A water moccasin zombie (D:5)
  7 wights
  Dowan (D:5)
  2 lindwurm simulacra (IceCv)
  16 killer bees
  A troll zombie (D:11)
  4 electric eels
  A bullfrog zombie (D:5)
  A human zombie (D:5)
  A jelly (D:6)
  3 hounds
  17 orc priests
  2 sleepcaps
  19 orc wizards
  6 iguanas
  A scorpion zombie (D:5)
  5 ogre zombies (D:11)
  2 mummies (D:5)
  Robin (D:3)
  18 gnolls
  8 adders
  A shadow imp (D:7)
  A white imp (D:7)
  3 ufetubi
  3 worms
  5 dart slugs
  62 orcs
  17 bats
  7 endoplasms
  3 giant cockroaches
  26 goblins
  9 hobgoblins
  5 quokkas
  7 ball pythons
  5 frilled lizards
  3 goblin zombies (D:11)
  A hobgoblin zombie (D:11)
  25 kobolds
  5 orc skeletons (D:11)
  10 orc zombies (D:11)
  10 rats
1332 creatures vanquished.

Vanquished Creatures (collateral kills)
  A shambling mangrove (WizLab)
  A hornet (WizLab)
2 creatures vanquished.

Vanquished Creatures (others)
  Jorgrun (D:14)
  A deep elf knight (Elf:2)
  A pharaoh ant (Spider:2)
  An orb spider (Spider:2)
  2 deep elf archers (Elf:1)
  2 deep elf pyromancers (Elf:1)
  2 deep elf zephyrmancers
  A tarantella (Spider:2)
  An orc warrior (Orc:2)
  A butterfly (D:15)
  2 foxfires (Swamp:1)
15 creatures vanquished.

Grand Total: 1349 creatures vanquished

Notes
Turn   | Place    | Note
-------+----------+-------------------------------------------
     0 | D:1      | RepHenryClay the Troll Shapeshifter began the quest for the
                  | Orb.
     0 | D:1      | Reached XP level 1. HP: 18/18 MP: 0/0
    91 | D:1      | Found Huatur's Antique Armour Boutique.
    94 | D:1      | Reached XP level 2. HP: 26/26 MP: 1/1
   139 | D:1      | You fall into a shaft and drop 1 floor!
   504 | D:1      | Reached XP level 3. HP: 32/32 MP: 2/2
  1079 | D:3      | Noticed Robin
  1098 | D:3      | Killed Robin
  1099 | D:3      | Reached XP level 4. HP: 30/40 MP: 3/3
  1247 | D:3      | Found a snail-covered altar of Cheibriados.
  1270 | D:3      | Became a worshipper of Cheibriados the Contemplative
  1876 | D:4      | Reached * piety under Cheibriados
  1902 | D:4      | Reached XP level 5. HP: 46/46 MP: 4/4
  1959 | D:4      | Noticed an ogre
  1970 | D:4      | Killed an ogre
  2071 | D:4      | Reached XP level 6. HP: 54/54 MP: 5/5
  2117 | D:4      | Noticed a water moccasin
  2124 | D:4      | Killed a water moccasin
  2224 | D:4      | Found Viesucweto's Magic Scroll Boutique.
  2227 | D:4      | Bought a scroll of identify for 26 gold pieces
  2227 | D:4      | Bought a scroll of identify for 26 gold pieces
  2227 | D:4      | Bought a scroll of identify for 26 gold pieces
  2227 | D:4      | Bought a scroll of teleportation for 39 gold pieces
  2446 | D:5      | Entered Level 5 of the Dungeon
  2471 | D:5      | Noticed Duvessa
  2471 | D:5      | Noticed Dowan
  2497 | D:5      | Reached skill level 5 in Unarmed Combat
  2574 | D:5      | Reached XP level 7. HP: 61/61 MP: 6/6
  2596 | D:5      | Reached ** piety under Cheibriados
  2597 | D:5      | Reached skill level 5 in Shapeshifting
  2659 | D:5      | Found a glowing drain.
  2663 | Sewer    | Entered a sewer
  2666 | Sewer    | Noticed Pargi
  2670 | Sewer    | Killed Pargi
  2829 | D:5      | Killed Duvessa
  2840 | D:5      | Killed Dowan
  3079 | D:5      | Reached XP level 8. HP: 62/68 MP: 7/7
  3142 | D:5      | Reached skill level 5 in Dodging
  3187 | D:5      | Found a staircase to the Ecumenical Temple.
  3386 | D:5      | Found a basalt altar of Yredelemnul.
  3477 | D:6      | Found a radiant altar of Vehumet.
  3493 | D:6      | Reached XP level 9. HP: 72/75 MP: 8/8
  3524 | D:6      | Reached *** piety under Cheibriados
  3761 | D:6      | Found a stormy altar of Qazlal.
  3761 | D:6      | Found a shimmering altar of Xom.
  3761 | D:6      | Found a hide-covered altar of Uskayaw.
  4131 | D:7      | Found Fitoem's Fabulous Fripperies.
  4139 | D:7      | Bought a scroll of fear for 60 gold pieces
  4272 | D:7      | Noticed Joseph
  4295 | D:7      | Killed Joseph
  4419 | D:7      | Found a flagged portal.
  4430 | Bailey   | Entered a bailey
  4499 | Bailey   | Noticed an orc warlord
  4510 | Bailey   | Reached **** piety under Cheibriados
  4557 | Bailey   | Found a runed translucent gate.
  4557 | Bailey   | Found a runed translucent gate.
  4557 | Bailey   | Found a runed translucent gate.
  4685 | Bailey   | Identified a scroll of acquirement
  4685 | Bailey   | Acquired the ring of Ficvitax {EV+5 Int+6}
  4697 | Bailey   | Killed an orc warlord
  4698 | Bailey   | Reached XP level 10. HP: 58/83 MP: 9/9
  4755 | Bailey   | Reached skill level 10 in Shapeshifting
  4755 | Bailey   | Reached XP level 11. HP: 89/89 MP: 10/10
  4978 | D:7      | Found a shimmering blue altar of Sif Muna.
  5097 | D:7      | Found a hazy altar of Hepliaklqana.
  5647 | D:8      | Found a glowing golden altar of the Shining One.
  5687 | D:8      | Found a staircase to the Lair.
  5980 | D:8      | Reached ***** piety under Cheibriados
  6083 | D:8      | Reached skill level 10 in Unarmed Combat
  6433 | D:9      | Found an iron altar of Okawaru.
  6439 | D:9      | Identified the +2 hand axe of the Ancients {drain, Int+9
                  | Dex-4 Stlth+}
  6448 | D:9      | Found a blossoming altar of Fedhas.
  6659 | D:9      | Reached skill level 1 in Invocations
  7134 | D:10     | Entered Level 10 of the Dungeon
  7555 | D:10     | Found a bloodstained altar of Trog.
  7670 | D:10     | Noticed a two-headed ogre
  7676 | D:10     | Killed a two-headed ogre
  7807 | D:10     | Noticed a two-headed ogre
  7813 | D:10     | Killed a two-headed ogre
  8076 | D:10     | Found an opulent altar of Gozag.
  8135 | D:11     | Found a staircase to the Orcish Mines.
  8142 | D:11     | Reached skill level 5 in Invocations
  8188 | D:11     | Reached ****** piety under Cheibriados
  8215 | D:11     | Reached skill level 10 in Dodging
  8381 | D:11     | Noticed Urug
  8398 | D:11     | Killed Urug
  8506 | D:11     | Noticed a two-headed ogre
  8513 | D:11     | Killed a two-headed ogre
  8514 | D:11     | Reached XP level 12. HP: 97/97 MP: 14/14
  8523 | D:11     | Found Vihafoixko's Book Shoppe.
  8531 | D:11     | Bought a book of Spatial Translocations for 234 gold pieces
  8534 | D:11     | Learned a level 2 spell: Blink
  8537 | D:11     | Learned a level 2 spell: Lesser Beckoning
  9275 | D:12     | Noticed a two-headed ogre
  9290 | D:12     | Killed a two-headed ogre
  9697 | D:13     | Noticed a boulder beetle
  9704 | D:13     | Killed a boulder beetle
  9815 | D:13     | Noticed a centaur warrior
  9822 | D:13     | Killed a centaur warrior
 10016 | D:13     | Noticed a centaur warrior
 10034 | D:13     | Killed a centaur warrior
 10174 | D:13     | Noticed a boulder beetle
 10181 | D:13     | Killed a boulder beetle
 10440 | D:13     | Noticed a boulder beetle
 10446 | D:13     | Killed a boulder beetle
 10566 | D:14     | Noticed Jorgrun
 10606 | D:14     | Noticed a vault guard
 10607 | D:14     | Noticed a vault guard
 10607 | D:14     | Noticed a boulder beetle
 10607 | D:14     | Noticed a vault guard
 10613 | D:14     | Reached XP level 13. HP: 104/104 MP: 15/15
 10802 | Lair:1   | Entered Level 1 of the Lair of Beasts
 10840 | Lair:1   | Noticed Sonja
 10851 | Lair:1   | Killed Sonja
 11097 | Lair:1   | Reached skill level 1 in Fighting
 11345 | Lair:1   | Noticed Harold
 11357 | Lair:1   | Killed Harold
 11754 | Lair:2   | Identified the +1 great mace of Pucsesei {flame, rElec
                  | rPois Dex+4}
 11857 | Lair:2   | Reached skill level 5 in Fighting
 12113 | Lair:2   | Found a staircase to the Swamp.
 12391 | Lair:3   | Noticed Kirke
 12491 | Lair:2   | Noticed a sphinx
 12510 | Lair:2   | Killed Kirke
 12720 | Lair:3   | Noticed Josephine
 12732 | Lair:3   | Killed Josephine
 12847 | Lair:3   | Found a hole to the Spider Nest.
 12926 | Lair:3   | Reached XP level 14. HP: 133/133 MP: 16/16
 13006 | Lair:3   | Noticed Snorg
 13010 | Lair:3   | Killed Snorg
 13402 | Lair:4   | Found a staircase to the Slime Pits.
 13510 | Lair:4   | Reached skill level 1 in Translocations
 14240 | Lair:5   | Entered Level 5 of the Lair of Beasts
 14329 | Lair:5   | Reached skill level 5 in Translocations
 14336 | Lair:5   | Reached skill level 1 in Armour
 15124 | Lair:5   | Reached XP level 15. HP: 145/145 MP: 17/17
 15162 | Lair:5   | Reached skill level 15 in Dodging
 15327 | Lair:5   | Found the ring of Shadows {Umbra +Inv Stlth+}
 15380 | Lair:5   | Reached skill level 1 in Evocations
 16033 | Orc:1    | Entered Level 1 of the Orcish Mines
 16113 | Orc:2    | Entered Level 2 of the Orcish Mines
 16119 | Orc:2    | Found a staircase to the Elven Halls.
 16462 | Orc:1    | Found a radiant altar of Vehumet.
 16757 | Orc:2    | Found Geobijub's CLEARANCE SALE!.
 16890 | Orc:2    | Bought the +2 hat of the Bear Spirit {Spirit, Bear, *Rage
                  | Will++} for 174 gold pieces
 16890 | Orc:2    | Found the +2 hat of the Bear Spirit {Spirit, Bear, *Rage
                  | Will++}
 16965 | Orc:2    | Reached skill level 5 in Evocations
 17194 | Orc:2    | Found Vobexidyi's Magic Scroll Boutique.
 17194 | Orc:2    | Found Vifihoij's Armour Shoppe.
 17209 | Orc:2    | Found Peen's Distillery.
 17209 | Orc:2    | Found Ecidum's Distillery.
 17220 | Orc:2    | Bought a +2 robe of willpower for 247 gold pieces
 17244 | Orc:2    | Bought a potion of curing for 48 gold pieces
 17244 | Orc:2    | Bought a potion of heal wounds for 80 gold pieces
 17245 | Orc:2    | Bought a potion of might for 64 gold pieces
 17245 | Orc:2    | Bought a potion of curing for 48 gold pieces
 17247 | Orc:2    | Bought a scroll of acquirement for 520 gold pieces
 17247 | Orc:2    | Bought a scroll of revelation for 75 gold pieces
 17247 | Orc:2    | Bought a scroll of revelation for 75 gold pieces
 17247 | Orc:2    | Bought a scroll of teleportation for 30 gold pieces
 17247 | Orc:2    | Bought a scroll of blinking for 75 gold pieces
 17247 | Orc:2    | Bought a scroll of enchant armour for 75 gold pieces
 17247 | Orc:2    | Acquired a manual of Fighting
 17565 | D:14     | Killed Jorgrun
 17566 | D:14     | Reached skill level 10 in Fighting
 17618 | D:14     | Found a gate to the Vaults.
 17964 | D:14     | Identified the +1 trident "Pogadghoe" {drain, Int+4}
 18078 | D:14     | Noticed Roxanne
 18527 | D:15     | Entered Level 15 of the Dungeon
 18630 | D:15     | Reached XP level 16. HP: 167/167 MP: 18/18
 18746 | D:15     | Noticed Agnes
 18753 | D:15     | Killed Agnes
 18784 | D:15     | Noticed Nessos
 18792 | D:15     | Killed Nessos
 18977 | D:15     | Found a white marble altar of Elyvilon.
 19187 | D:15     | Found a staircase to the Depths.
 19239 | D:15     | Found Tismaisa's Weapon Shoppe.
 19470 | Swamp:1  | Entered Level 1 of the Swamp
 19581 | Swamp:1  | Identified the +9 trident of Litochur {flame, rPois rN+
                  | Stlth+}
 19779 | Swamp:1  | Noticed Donald
 19790 | Swamp:1  | Killed Donald
 20312 | Swamp:2  | Found a frozen archway.
 20337 | IceCv    | Entered an ice cave
 20508 | IceCv    | HP: 5/153 [golden dragon simulacrum (23)]
 21228 | IceCv    | Noticed an Ice Fiend
 21252 | IceCv    | Reached skill level 5 in Armour
 21311 | IceCv    | Killed an Ice Fiend
 21692 | Swamp:2  | Noticed a thorn hunter
 21796 | Swamp:2  | You fall into a shaft and drop 1 floor!
 21979 | Swamp:2  | Killed a thorn hunter
 22229 | Swamp:2  | Acquired the +0 hat of the Meadowlark {rElec}
 22461 | Swamp:3  | Reached XP level 17. HP: 75/176 MP: 19/19
 23062 | Swamp:4  | Entered Level 4 of the Swamp
 23298 | Spider:1 | Entered Level 1 of the Spider Nest
 24182 | Spider:2 | Reached skill level 10 in Armour
 24646 | Spider:2 | Paralysed by a jorogumo for 2 turns
 24654 | Spider:1 | Paralysed by a jorogumo for 1 turns
 25023 | Spider:2 | HP: 5/172 [disintegration (38)]
 25833 | Spider:2 | You fall into a shaft and drop 1 floor!
 25846 | Spider:2 | Reached skill level 1 in Throwing
 26587 | Spider:3 | Reached skill level 5 in Throwing
 26850 | Spider:4 | Entered Level 4 of the Spider Nest
 27250 | Spider:4 | Noticed Mlioglotl
 27266 | Spider:4 | Killed Mlioglotl
 27309 | Spider:4 | Reached XP level 18. HP: 134/159 MP: 20/20
 27846 | Elf:1    | Entered Level 1 of the Elven Halls
 27850 | Elf:1    | Noticed Nikola
 27863 | Elf:1    | Killed Nikola
 28422 | Elf:1    | Got the Disquisition on Nonlocality
 28558 | Elf:1    | Identified the +4 scale mail "Wez Wyreu" {Regen+}
 28597 | Elf:1    | Found an ancient bone altar of Kikubaaqudgha.
 28773 | Elf:1    | Identified the +0 long sword "Guilur" {freeze, rN+}
 29562 | Elf:2    | Found a runed translucent gate.
 29563 | Elf:2    | Found a runed translucent gate.
 29563 | Elf:2    | Found a runed translucent gate.
 29871 | Elf:3    | Entered Level 3 of the Elven Halls
 31253 | Spider:4 | Got a gossamer rune of Zot
 32184 | Depths:1 | Entered Level 1 of the Depths
 32190 | Depths:1 | Found a magical portal.
 32196 | WizLab   | Entered Eringya's Formal Garden
 32533 | WizLab   | HP: 9/192 [constriction (16)]
 32842 | WizLab   | Reached XP level 19. HP: 141/200 MP: 21/21
 33282 | WizLab   | Found a blossoming altar of Fedhas.
 33486 | D:15     | Reached skill level 15 in Armour
 33625 | Vaults:1 | Entered Level 1 of the Vaults
 33671 | Vaults:1 | Found Qigg's Armour Boutique.
 33674 | Vaults:1 | Bought a +2 cloak of poison resistance for 333 gold pieces
 34000 | Vaults:1 | HP: 7/200 [dire elephant (31)]
 34164 | Vaults:1 | Found a portal to a secret trove of treasure.
 35403 | Vaults:1 | Got the Volume of the Door and Despair
 35418 | Vaults:1 | Found Sunorchit's Assorted Antiques.
 35427 | Vaults:1 | Bought an embroidered cloak for 240 gold pieces
 35678 | Vaults:2 | Noticed Mara
 35678 | Vaults:2 | You fall into a shaft and drop 1 floor!
 35885 | Vaults:3 | Reached skill level 10 in Invocations
 36279 | Vaults:2 | Killed Mara
 36407 | Vaults:2 | Noticed Jory
 36416 | Vaults:2 | Reached XP level 20. HP: 209/209 MP: 14/26
 36432 | Vaults:2 | Mangled by Jory

Illustrated notes

Levels and vault maps discovered:
D:1:      dpeg_arrival_boxes_within_box, layout_rooms, serial_corexii_hall,
          corexii_hall_statues_i, corexii_hall_statues_x, serial_shops, shop,
          hangedman_glass_teeth
D:2:      layout_rooms
D:3:      minmay_chambers_of_twos, layout_loops_ring, kennysheep_slug_shrine,
          uniq_robin
D:4:      layout_basic, serial_shops, kennysheep_mini_moat
D:5:      layout_basic, lemuel_mausoleum_altar_yredelemnul,
          minmay_temple_entry_butterflies, portal_sewer_entry_e, uniq_duvessa
D:6:      layout_loops_ring, gammafunk_temple_overflow_forgotten,
          mainiacjoe_overflow_boulevard, serial_bayou_pond_b
D:7:      layout_basic, lemuel_coloured_pillars_altar,
          mainiacjoe_overflow_paths, enter_bailey_3, nicolae_alphabet_shops,
          minmay_misc_feat_enclosed, kennysheep_flooded_box, uniq_joseph
D:8:      layout_cave_pools, nicolae_tso_carved_into_rock, lair_entry_dummy,
          serial_park_tiny_2, dk_noncrumbling_3, kennysheep_generic_room_9
D:9:      layout_basic, okawaru_ov_weapons_minmay,
          mainiacjoe_overflow_tiny_flanked
D:10:     layout_stronghold, overflow_temple_1_default, bloody_trog
D:11:     layout_irregular_city, zombieorc1_lemuel, serial_shops,
          nicolae_shop_peninsula, nicolae_wwwww, uniq_urug
D:12:     layout_loops_ring
D:13:     layout_basic
D:14:     layout_irregular_city, lightli_vaults_fourway_checkpoint,
          minmay_misc_feat_more_columns, uniq_jorgrun, uniq_roxanne
D:15:     grunt_enter_depths_magical_seal, layout_loops_ring,
          nicolae_elyvilon_peaceful_grove, serial_shops,
          nicolae_shop_back_alley_shop, uniq_agnes, uniq_nessos
Lair:1:   layout_regular_city, serial_bayou_shore_b, uniq_harold, uniq_sonja
Lair:2:   layout_hall_layers, minmay_swamp_entry_worms, serial_bayou,
          serial_bayou_pond_c, serial_bayou_pond_c, serial_bayou_ford_a,
          serial_bayou_shore_b
Lair:3:   layout_roguey, hellmonk_spider_entry_life_and_decay, uniq_snorg,
          uniq_josephine, uniq_kirke
Lair:4:   layout_regular_city, minmay_slime_entry_oklob_open,
          beast_lair_carwin_11, lemuel_fruit_fields, serial_bayou_shore_b,
          lemuel_fruit_tree
Lair:5:   guppyfry_lair_end_dragon, layout_regular_city,
          hangedman_lair_caniforms_friends, pond, grunt_megastairs_1,
          infiniplex_staircase_pool, lemuel_fruit_fields
Swamp:1:  layout_basic_swamp, nicolae_swamp_round_clearing, swamp_pool1,
          uniq_donald
Swamp:2:  layout_basic_swamp, portal_ice_cave_entry_pillars_2,
          nicolae_swamp_ascending_descending_big
Swamp:3:  layout_basic_swamp, evilmike_swamp_ruin_house_2
Swamp:4:  swamp_alternative, layout_basic_swamp, infiniplex_staircase_pool_2
Spider:1: layout_spider_delve
Spider:2: layout_spider_delve
Spider:3: layout_spider_delve
Spider:4: hellmonk_spider_rune_endless_swarm, nicolae_spider_moth_buddies,
          uniq_mlioglotl
Orc:1:    layout_caves, basic_altar, roderic_batcave
Orc:2:    grunt_orc_tribal_feast, layout_caves, nicolae_orc_flooded_monolith,
          nicolae_shop_clearance
Elf:1:    elf_arrival_001, layout_loops_ring, kennysheep_underground_church,
          david_defended_altar_elf, uniq_nikola
Elf:2:    nicolae_elf_blades_crystal_corner, layout_gridlike, uniq_asterion
Elf:3:    nooodl_elf_gasket, layout_geoelf_diagonals,
          nicolae_elf_archery_training
Vaults:1: v_rooms_1, hangedman_vaults_locks, serial_ice_h,
          nicolae_vaults_cochlea, ontoclasm_vaults_loading_screen,
          nicolae_vaults_trapezoid_layered, vaults_mumra_hexcomb,
          nicolae_vaults_closet_pinwheel_2, nicolae_vaults_house_2,
          hangedman_vaults_restitches, nicolae_vaults_trapezoid_1,
          vaults_room_hangedman_quadrants, layout_vaults_big_room,
          nicolae_trove_entry_crystal, serial_shops, shop,
          nicolae_shop_tiny_real_fake_doors
Vaults:2: minmay_crypt_entry_vampire_xt, vaults_room_fours,
          nicolae_vaults_enemy_cabinets, nicolae_vaults_trapezoid_layered,
          v_misc_16, nicolae_vaults_shelves_hall, v_pattern_1,
          vaults_room_large_hall, vaults_dpeg_hooks, layout_vaults_omnigrid,
          uniq_jory, uniq_mara
Vaults:3: nicolae_vaults_house_2, hangedman_vaults_stagger,
          vaults_room_ringed_pool, v_misc_28, vaults_dpeg_diagonal, v_misc_25,
          nicolae_vaults_diamond_1, vaults_dpeg_emergency_exit,
          ontoclasm_vaults_chip, layout_vaults_big_cross
Depths:1: layout_small_grid, bh_walls_and_bars, infiniplex_enter_wizlab_glasses,
          pf_vacation_house_of_asmodeus, pan_entry, abyss_entry_glasseish,
          minmay_crystal_water, dancing_weapons_uskayaw, grunt_megastairs_5,
          firewood_loft, uniq_norris

Skill      XL: |  1  2  3  4  5  6  7  8  9 10 11 12 13 14 15 16 17 18 19 |
---------------+----------------------------------------------------------+-----
Dodging        | 2 3 4 5 6 9 10 13 14 15 16 | 16.0
Unarmed Combat | 4 5 6 7 8 9 10 11 12 13 | 13.0
Shapeshifting  | 4 5 6 9 10 | 10.5
Invocations    | 5 10 | 10.0
Fighting       | 7 8 12 14 | 14.9
Translocations | 5 |  5.0
Armour         | 4 7 10 14 16 | 16.1
Evocations     | 5 |  5.0
Throwing       | 5 |  5.6

Action                     |  1- 3 |  4- 6 |  7- 9 | 10-12 | 13-15 | 16-18 | 19-21 || total
---------------------------+-------+-------+-------+-------+-------+-------+-------++-------
  Melee: Unarmed           |   106 |   121 |   223 |   364 |  1027 |  1486 |   558 ||  3885
         Punch             |       |     2 |     6 |       |     6 |   138 |    64 ||   216
         Constrict         |       |       |     7 |    84 |   250 |    32 |       ||   373
  Throw: Dart              |       |     2 |    15 |       |       |    43 |     8 ||    68
         Large rock        |       |       |     5 |       |       |    19 |       ||    24
   Cast: Lesser Beckoning  |       |       |       |       |       |       |     5 ||     5
         Blink             |       |       |       |       |       |       |     2 ||     2
 Invoke: Bend Time         |       |       |       |       |     4 |     2 |     2 ||     8
         Slouch            |       |       |       |       |     1 |     2 |     2 ||     5
Ability: Begin Untransform |       |       |       |       |     3 |     4 |     1 ||     8
         Evoke Invisibilit |       |       |       |       |     2 |     6 |       ||     8
  Evoke: Wand              |       |     4 |     4 |     2 |     5 |    11 |     2 ||    28
    Use: Scroll            |       |    10 |     6 |     4 |    13 |    17 |     3 ||    53
         Potion            |       |     2 |     4 |     5 |     1 |    11 |     4 ||    27
   Stab: Sleeping          |       |     1 |       |     6 |     5 |    17 |     2 ||    31
         Paralysed         |       |     1 |       |     2 |     3 |     2 |       ||     8
         Distracted        |       |       |       |       |     2 |     5 |       ||     7
         Invisible         |       |       |       |       |     7 |    15 |    18 ||    40
         Petrified         |       |       |       |       |     3 |       |       ||     3
 Armour: Animal skin       |    31 |    16 |     3 |       |       |       |       ||    50
         Robe              |       |       |    39 |     4 |       |     9 |       ||    52
         Skin              |       |       |     2 |    31 |   103 |    10 |       ||   146
         Swamp dragon scal |       |       |       |       |       |   243 |   105 ||   348
  Dodge: Dodged            |    60 |    88 |   122 |   500 |  1645 |  3184 |   891 ||  6490
   Form: Anaconda          |       |       |     2 |     1 |     3 |     2 |     1 ||     9
         Beast             |       |       |     1 |       |       |       |       ||     1
         Flux              |       |       |       |     1 |       |     1 |       ||     2

Table legend: (Time is in decaauts)
 A = Elapsed time spent in this place.
 B = Non-inter-level travel time spent in this place.
 C = Inter-level travel time spent in this place.
 D = Time resting spent in this place.
 E = Time spent auto-exploring this place.
 F = Levels seen in this place.
 G = Mean time per level.
                   A        B        C        D        E       F      G
               +--------+--------+--------+--------+--------+-----+--------+
         Total |  56808 |  50991 |   5817 |   3740 |  36351 |  41 | 1385.6 |
       Dungeon |  20478 |  18133 |   2345 |    334 |  14691 |  15 | 1365.2 |
          Lair |   9600 |   8326 |   1274 |    284 |   6303 |   5 | 1920.0 |
         Swamp |   4429 |   3840 |    589 |    198 |   2724 |   4 | 1107.2 |
   Spider Nest |   8461 |   7594 |    867 |   2092 |   3724 |   4 | 2115.2 |
  Orcish Mines |   2249 |   2001 |    248 |     74 |   1482 |   2 | 1124.5 |
   Elven Halls |   3340 |   3061 |    279 |     66 |   2371 |   3 | 1113.3 |
        Vaults |   4121 |   3908 |    213 |    349 |   2620 |   3 | 1373.7 |
        Depths |     53 |     53 |      0 |      0 |      0 |   1 |   53.0 |
         Sewer |    178 |    178 |      0 |      0 |    134 |   1 |  178.0 |
        Bailey |    491 |    491 |      0 |      0 |    249 |   1 |  491.0 |
      Ice Cave |   1589 |   1589 |      0 |    127 |   1001 |   1 | 1589.0 |
        Wizlab |   1814 |   1814 |      0 |    213 |   1051 |   1 | 1814.0 |
               +--------+--------+--------+--------+--------+-----+--------+

Top non-repeatable levels by time:
Vaults:1: 2873 daAuts
Spider:1: 2706 daAuts
  Lair:5: 2361 daAuts
Spider:4: 2244 daAuts
    D:14: 2071 daAuts
   Elf:1: 2037 daAuts
  Lair:3: 2033 daAuts
    D:11: 1981 daAuts
    D:10: 1961 daAuts
     D:9: 1904 daAuts
  Lair:2: 1901 daAuts
    D:13: 1888 daAuts
Spider:3: 1856 daAuts
  WizLab: 1814 daAuts
    D:15: 1746 daAuts
